 Dungeon Crawl Stone Soup version 0.27-a0-1184-ge86db4a01e (webtiles) character file.

Game seed: 10595347241079794156

843 Vomitron the Slasher (level 7, 0/58 (61) HPs)
             Began as a Minotaur Brigand on May 18, 2021.
             Was an Elder of Jiyva.
             Slain by a wight
             ... wielding a +2 great sword of freezing
              (15 damage)
             ... on level 7 of the Dungeon.
             The game lasted 00:09:22 (6092 turns).

Vomitron the Slasher (Minotaur Brigand)             Turns: 6092, Time: 00:09:22

HP:   0/58 (61)     AC:  9    Str: 13    XL:     7   Next: 68%
MP:   6/6           EV: 12    Int:  9    God:    Jiyva [****..]
Gold: 97            SH:  0    Dex: 15    Spells: 6/6 levels left

rFire    . . .     SeeInvis .   x - +0 long sword
rCold    + . .     Faith    +   (no shield)
rNeg     . . .     Spirit   .   i - +0 ring mail
rPois    .         Reflect  .   (helmet restricted)
rElec    .         Harm     .   c - +1 cloak
rCorr    +         Rampage  .   n - +0 pair of gloves
Will     +....                  (no boots)
Stlth    ++........             p - amulet of faith
HPRegen  0.19/turn              j - ring of willpower
MPRegen  0.10/turn              t - ring of protection from cold

@: lightly drained
A: horns 2, retaliatory headbutt, talons 1, sense surroundings 1
a: Renounce Religion, Request Jelly, Slimify


You were on level 7 of the Dungeon.
You worshipped Jiyva.
Jiyva was greatly pleased with you.
You visited 1 branch of the dungeon, and saw 7 of its levels.
You also visited: Ossuary.

You collected 191 gold pieces.
You spent 94 gold pieces at shops.

Inventory:

Hand Weapons
 a - a +2 dagger
 f - a +1 short sword of draining
 q - a +1 dagger of venom
 x - a +0 long sword (weapon)
Missiles
 d - 7 poisoned darts (quivered)
 e - 2 curare-tipped darts
Armour
 b - a +0 robe
 c - a +1 cloak (worn)
 g - a +0 chain mail
 i - a +0 ring mail (worn)
 l - a +0 scale mail
 n - a +0 pair of gloves (worn)
 o - a +1 ring mail of fire resistance
Jewellery
 j - a ring of willpower (left hand)
 p - an amulet of faith (around neck)
 t - a ring of protection from cold (right hand)
 v - the amulet of Compassion {rPois rN+ Regen+ Dex+6}
   (You found it on level 6 of the Dungeon)

   [amulet of regeneration]

   It affects your dexterity (+6).
   It protects you from poison.
   It protects you from negative energy.
   It increases your rate of health regeneration.
Wands
 k - a wand of iceblast (8)
Scrolls
 r - a scroll of identify
 s - a scroll of teleportation {unknown}
 w - a scroll of silence {unknown}
Potions
 h - 4 potions of curing
 m - a potion of degeneration {unknown}
 u - a potion of invisibility {unknown}


   Skills:
 + Level 5.2 Fighting
 - Level 2.1(4.3) Short Blades
 * Level 6.3(6.6) Long Blades
 - Level 2.0 Throwing
 + Level 4.4 Armour
 + Level 4.1 Dodging
 - Level 3.2 Stealth


You had 6 spell levels left.
You didn't know any spells.
Your spell library was empty.

Dungeon Overview and Level Annotations

Branches:
Dungeon (7/15)             Temple (0/1) D:5         Ossuary (visited)

Altars:
Elyvilon
Gozag
Nemelex Xobeh
Okawaru
Sif Muna
Vehumet
Jiyva

Shops:
D:4 [   D:7 (

Portals:
Abyss: D:5

Annotations:
D:5 2 transporters, RennBougie's ghost, amateur DsAK


Innate Abilities, Weirdness & Mutations

You have a pair of horns on your head.
You reflexively headbutt those who attack you in melee.
You have sharp toenails.
You passively map a small area around you.


Message History

A wight comes into view. It is wielding a +0 war axe.
The wight hits you with a +2 great sword of freezing!
You feel drained.
The wight is no longer covered in acid.
You barely miss the wight.
The wight is heavily damaged.
You hear a slurping noise.
Jiyva appreciates your sacrifice.
You hear a distant slurping noise.
The wight hits you with a +2 great sword of freezing.
You feel drained. The wight freezes you. The wight misses you.
Found a stone staircase leading down.
You hear a distant slurping noise.
You can now turn your foes to slime.
Jiyva appreciates your sacrifice.
You hit the wight but do no damage. The wight hits you but does no damage.
You closely miss the wight. You claw the wight, but do no damage.
You hear a distant slurping noise.
Jiyva appreciates your sacrifice. The wight hits you with a +0 war axe.
* * * LOW HITPOINT WARNING * * *
You hit the wight but do no damage. You claw the wight, but do no damage.
The wight barely misses you.
You riposte.
You hit the wight.
The wight is lightly damaged.
You barely miss the wight. Your kick misses the wight.
The wight is lightly damaged.
The wight barely misses you. You furiously retaliate!
You headbutt the wight.
You riposte.
You closely miss the wight. You claw the wight, but do no damage.
The wight is lightly damaged.
You hit the wight but do no damage.
You headbutt the wight, but do no damage.
The wight is lightly damaged.
The wight barely misses you.
You riposte.
You slash the wight!
The wight is almost destroyed.
You slash the wight!
You destroy the wight!
You hit the wight but do no damage. Your headbutt misses the wight.
The wight is heavily damaged.
The wight hits you with a +2 great sword of freezing!
You die...

#...#######♣#.##..#
#........♣.∩.♣.#..#
*#........♣..J..# *
#..............# ,
*#............#.# ,
#.....#...#..#.# .. ,
#.....#.#.#..#.# ....
#.......#.#..#.#
...>.##.J...###@#....#
............###z#..###
.....##.......#.#..###
##.#*####......J..>..#
# * #.....####....#.#
#..##....##....#, ....
*#.##.##.#.J#* * .##
#.# ..#.#.... #.#
#...#..... *


You could see a wight and a neutral jelly (wandering) (fellow slime).

Vanquished Creatures
  A necrophage (D:5)
  A phantom (D:4)
  A scorpion (D:7)
  2 wights (D:7)
  2 hounds
  An orc priest (D:6)
  Ijyb (D:3)
  Terence (D:3)
  2 iguanas
  2 orc wizards (D:4)
  A hound skeleton (D:4)
  2 mummies (Ossuary)
  4 gnolls (D:6)
  5 adders
  A shadow imp (D:7)
  A white imp (D:6)
  2 ufetubi (D:5)
  A worm (D:2)
  3 dart slugs
  15 orcs
  A ball python (D:1)
  9 bats
  2 endoplasms (D:1)
  3 giant cockroaches
  5 goblins
  4 hobgoblins
  11 jackals
  3 quokkas
  A frilled lizard (D:1)
  A goblin zombie (Ossuary)
  A hobgoblin zombie (Ossuary)
  4 kobolds
  2 kobold zombies (Ossuary)
  An orc zombie (D:4)
  A quokka zombie (Ossuary)
  4 rats
  A rat zombie (Ossuary)
103 creatures vanquished.

Vanquished Creatures (others)
  Grinder (D:5)
  A centaur (D:6)
  2 scorpions
  A water moccasin skeleton (D:5)
  9 jellies
  A gnoll shaman (D:4)
  A mummy (Ossuary)
  3 gnolls (D:4)
  An adder zombie (Ossuary)
  2 orcs
  A goblin (D:1)
  A hobgoblin (D:2)
  2 jackals (D:2)
  A bat (D:1)
  A gnoll zombie (Ossuary)
  A goblin zombie (Ossuary)
  2 hobgoblin zombies (Ossuary)
  2 kobold zombies (Ossuary)
  4 quokka zombies (Ossuary)
  A rat (D:1)
  A rat zombie (Ossuary)
39 creatures vanquished.

Grand Total: 142 creatures vanquished

Notes
Turn   | Place    | Note
-------+----------+-------------------------------------------
     0 | D:1      | Vomitron the Minotaur Brigand began the quest for the Orb.
     0 | D:1      | Reached XP level 1. HP: 18/18 MP: 0/0
    63 | D:1      | Reached skill level 1 in Long Blades
    68 | D:1      | Reached XP level 2. HP: 25/25 MP: 1/1
   221 | D:1      | Found a faded altar of an unknown god.
   281 | D:1      | Reached skill level 1 in Armour
   311 | D:1      | Became a worshipper of Jiyva Juyrejin the Shapeless
   311 | D:1      | Reached * piety under Jiyva
   728 | D:2      | Reached XP level 3. HP: 26/30 MP: 2/2
   735 | D:2      | Reached skill level 2 in Long Blades
   773 | D:2      | Reached ** piety under Jiyva
   890 | D:2      | Found an iron altar of Okawaru.
  1293 | D:3      | Found an opulent altar of Gozag.
  1293 | D:3      | Found a faded altar of an unknown god.
  1301 | D:3      | Found a shimmering blue altar of Sif Muna.
  1303 | D:3      | Found a white marble altar of Elyvilon.
  1305 | D:3      | Found a faded altar of an unknown god.
  1369 | D:3      | Noticed Ijyb
  1384 | D:3      | Killed Ijyb
  1385 | D:3      | Reached XP level 4. HP: 20/38 MP: 3/3
  1396 | D:3      | Reached skill level 3 in Long Blades
  1586 | D:3      | Noticed Terence
  1595 | D:3      | Killed Terence
  2724 | D:4      | Reached XP level 5. HP: 46/46 MP: 4/4
  2780 | D:4      | Found a radiant altar of Vehumet.
  2821 | D:4      | Reached skill level 4 in Long Blades
  2912 | D:4      | Found a sand-covered staircase.
  2913 | D:4      | Found Cuem's Armour Shop.
  3072 | Ossuary  | Entered an ossuary
  3095 | Ossuary  | Reached XP level 6. HP: 19/52 MP: 5/5
  3604 | D:4      | Reached *** piety under Jiyva
  3999 | D:4      | Gained mutation: You passively map a small area around you.
                  | [Jiyva's grace]
  4094 | D:5      | Entered Level 5 of the Dungeon
  4172 | D:5      | Found a transporter.
  4183 | D:5      | Found a staircase to the Ecumenical Temple.
  4204 | D:5      | Reached skill level 5 in Long Blades
  4387 | D:5      | Reached XP level 7. HP: 41/60 MP: 6/6
  4649 | D:5      | Killed Grinder
  4682 | D:5      | Found a sparkling altar of Nemelex Xobeh.
  4767 | D:5      | Found a one-way gate to the infinite horrors of the Abyss.
  4767 | D:5      | Noticed RennBougie's ghost (amateur DsAK)
  4777 | D:5      | Found a transporter.
  5292 | D:6      | Identified the amulet of Compassion {rPois rN+ Regen+
                  | Dex+6}
  6023 | D:7      | Found Dahu's Antique Weapon Shoppe.
  6027 | D:7      | Reached skill level 5 in Fighting
  6034 | D:7      | Bought a long sword for 94 gold pieces
  6057 | D:7      | Reached skill level 6 in Long Blades
  6058 | D:7      | Gained mutation: You have sharp toenails. [Jiyva's grace]
  6082 | D:7      | Reached **** piety under Jiyva
  6092 | D:7      | Slain by a wight

Illustrated notes

Levels and vault maps discovered:
D:1:      doesnt_arrival_eight_statues, layout_loops_cross,
          ebering_ecumenical_altar_box
D:2:      layout_rooms, basic_altar
D:3:      layout_loops_ring, chequers_temple_overflow_minitemple, uniq_terence,
          uniq_ijyb
D:4:      layout_loops_cross, general_overflow_altar, enter_ossuary_3,
          serial_shops, shop
D:5:      layout_loops_corners, nemelex_diamond_rough_becter,
          minmay_temple_entry_mist, gammafunk_ghost_abyssal_escape,
          minivault_11, uniq_grinder
D:6:      layout_basic
D:7:      layout_rooms, serial_shops, nicolae_shop_trees

Skill      XL: |  1  2  3  4  5  6  7 |
---------------+----------------------+-----
Long Blades    | 1 2 3 4 5 6 |  6.3
Armour         | 1 2 3 4 |  4.4
Fighting       | 3 4 5 |  5.2
Dodging        | 2 3 4 |  4.1
Short Blades   | |  2.1
Throwing       | |  2.0
Stealth        | |  3.2

Action                   |  1- 3 |  4- 6 |  7- 9 || total
-------------------------+-------+-------+-------++-------
Melee: Dagger            |     5 |       |       ||     5
       Short sword       |    60 |   168 |    65 ||   293
       Headbutt          |     9 |    30 |    11 ||    50
       Long sword        |       |       |     8 ||     8
       Kick              |       |       |     3 ||     3
Throw: Dart              |     3 |     5 |       ||     8
Invok: Request Jelly     |       |     1 |       ||     1
  Use: Scroll            |       |     4 |       ||     4
 Stab: Sleeping          |     7 |     4 |     1 ||    12
Armor: Robe              |    21 |       |       ||    21
       Ring mail         |     5 |    52 |    22 ||    79
Dodge: Dodged            |    53 |    62 |    35 ||   150
       Rpst.: Long sword |       |       |     3 ||     3

Table legend: (Time is in decaauts)
 A = Elapsed time spent in this place.
 B = Non-inter-level travel time spent in this place.
 C = Inter-level travel time spent in this place.
 D = Time resting spent in this place.
 E = Time spent auto-exploring this place.
 F = Levels seen in this place.
 G = Mean time per level.
                   A        B        C        D        E       F      G
               +--------+--------+--------+--------+--------+-----+--------+
         Total |   6069 |   5829 |    240 |   1262 |   3637 |   8 |  758.6 |
       Dungeon |   5730 |   5490 |    240 |   1041 |   3637 |   7 |  818.6 |
       Ossuary |    339 |    339 |      0 |    221 |      0 |   1 |  339.0 |
               +--------+--------+--------+--------+--------+-----+--------+

Top non-repeatable levels by time:
     D:3: 1528 daAuts
     D:4: 1046 daAuts
     D:6: 973 daAuts
     D:5: 943 daAuts
     D:1: 716 daAuts
     D:2: 450 daAuts
 Ossuary: 339 daAuts
     D:7: 72 daAuts
